 Dungeon Crawl Stone Soup version 0.29.0-4-gdea44cf6ec (webtiles) character file.

Game seed: 4636835326069148104

181 qw the Chopper (level 5, 0/30 HPs)
             Began as a Tengu Warper on Aug 29, 2022.
             Slain by an orc wizard
             ... wielding a +0 dagger
              (4 damage)
             ... on level 3 of the Dungeon.
             The game lasted 00:00:56 (3321 turns).

qw the Chopper (Tengu Warper)                       Turns: 3321, Time: 00:00:57

Health: 0/30       AC:  6    Str: 13    XL:     5   Next: 61%
Magic:  9/9        EV: 11    Int: 14    God:
Gold:   118        SH:  0    Dex: 13    Spells: 8/8 levels left

rFire   . . .      SeeInvis .   Y - +0 hand axe (vorpal)
rCold   . . .      Faith    .   (no shield)
rNeg    . . .      Spirit   .   o - +0 scale mail
rPois   .          Reflect  .   (helmet restricted)
rElec   .          Harm     .   (no cloak)
rCorr   .          Rampage  .   (no gloves)
Will    .....                   (boots unavailable)
Stlth   ..........              (no amulet)
HPRegen 0.10/turn               (no ring)
MPRegen 0.11/turn               (no ring)

@: flying quickly and evasively, quick
A: beak, talons 3, nimble flight
a: no special abilities


You were on level 3 of the Dungeon.
You visited 1 branch of the dungeon, and saw 3 of its levels.

You collected 137 gold pieces.
You spent 19 gold pieces at shops.


Innate Abilities, Weirdness & Mutations

You have a beak for a mouth.
You have claws for feet.
Your magical nature lets you fly swiftly and evasively.


   Skills:
 - Level 2.0 Fighting
 + Level 6.2 Axes
 - Level 1.0 Throwing
 - Level 1.1 Armour
 - Level 2.1 Dodging
 - Level 2.0 Spellcasting
 - Level 2.4 Translocations


You had 8 spell levels left.
You didn't know any spells.
Your spell library contained the following spells:

 Spells                   Type           Power      Damage    Failure   Level
 Blink                    Tloc           16%        N/A       54%         2
 Gell's Gravitas          Tloc           8%         N/A       78%         3
 Lesser Beckoning         Tloc           8%         N/A       78%         3
 Teleport Other           Tloc           8%         N/A       78%         3
 Manifold Assault         Tloc           8%         N/A       100%        5

Inventory:

Hand Weapons
 f - a +0 flail
 Y - a +0 vorpal hand axe (weapon)
Armour
 g - a +0 cloak
 o - a +0 scale mail (worn)
Scrolls
 b - a scroll of identify
 d - a scroll of enchant armour
Potions
 c - a potion of attraction {unknown}
 e - a potion of ambrosia {unknown}
 k - 2 potions of magic {unknown}
 n - a potion of heal wounds {unknown}

Dungeon Overview and Level Annotations

Branches:
Dungeon (3/15)

Altars:

Shops:
D:1 *


Message History

The quokka bites you but does no damage.
You hit the quokka but do no damage. You hit something but do no damage.
The quokka bites you but does no damage.
Something hits you.
You miss the quokka. You claw the quokka.
The quokka is severely wounded.
You closely miss something. The quokka barely misses you.
Something hits you but does no damage.
You closely miss the quokka.
The quokka is severely wounded.
You barely miss something. The quokka closely misses you.
You hear some strange, mumbled words.
You are confused.
You bump into the rock wall.
The quokka closely misses you. Something hits you but does no damage.
The quokka bites you but does no damage.
You slash the quokka!
You kill the quokka!
You miss something. Something hits you but does no damage.
You bump into the rock wall.
Something hits you. Something hits you but does no damage.
You bump into the rock wall.
Something hits you. x2
You bump into the rock wall.
Something hits you.
You're too confused to move!
Something hits you. Something hits you but does no damage.
The orc hits you but does no damage.
You hit something. You closely miss something. You barely miss the orc.
You feel less confused. Something hits you.
Something hits you but does no damage. The orc misses you.
You slash the orc!
You kill the orc!
You closely miss something. You barely miss something.
You hear some strange, mumbled words.
A magic dart appears from out of thin air!
The magic dart hits you. Something hits you.
You die...

............#....####.#
........^.>......# #
.................# .#
...............>.#####.###
.#.......#..####..#.......
.##.........# #.$........
.###........# ##.........
............# ##{........
............# #@)........
).........#.####)##.......
##........#......# .......
.#..............## .......
...#........###.###.......
.......<.............r...#
..........#............#.#
........)<..........
................:...


There were no monsters in sight!

Vanquished Creatures
  Natasha (thrice) (D:2)
  4 adders
  6 orcs
  4 endoplasms
  3 giant cockroaches
  6 goblins
  3 hobgoblins
  4 jackals (D:1)
  11 kobolds
  4 quokkas
  3 ball pythons
  7 bats
  A frilled lizard (D:1)
  5 rats
64 creatures vanquished.

Vanquished Creatures (others)
  2 fungi (D:3)
2 creatures vanquished.

Grand Total: 66 creatures vanquished

Notes
Turn   | Place    | Note
-------+----------+-------------------------------------------
     0 | D:1      | qw the Tengu Warper began the quest for the Orb.
     0 | D:1      | Reached XP level 1. HP: 12/12 MP: 4/4
     0 | D:1      | 0 ||| qw: Version: 0.1-a-89-g26bdef1
     0 | D:1      | 0 ||| qw: Game counter: 3468
     0 | D:1      | 0 ||| qw: Always use a shield: true
     0 | D:1      | 0 ||| qw: God list: Okawaru
     0 | D:1      | 0 ||| qw: Allow faded altars: false
     0 | D:1      | 0 ||| qw: Do Orc after D:15 true
     0 | D:1      | 0 ||| qw: Do second Lair branch before Depths: true
     0 | D:1      | 0 ||| qw: Lair rune preference: random
     0 | D:1      | 0 ||| qw: Plans: Normal
     0 | D:1      | 0 ||| PLANNING D:1-11
   212 | D:1      | Reached XP level 2. HP: 17/17 MP: 6/6
   240 | D:1      | Reached skill level 3 in Axes
   358 | D:1      | Found Qaqoug Tije's Assorted Antiques.
   362 | D:1      | 362 ||| BUYING blue potion (19 gold).
   362 | D:1      | Bought a blue potion for 19 gold pieces
   362 | D:1      | 362 ||| SHOPLISTING scroll labelled PUDAENN UHYXAQI (22
                  | gold, have 11).
   362 | D:1      | 362 ||| SHOPLISTING scroll labelled SEKIHYAPPU (22 gold,
                  | have 11).
   362 | D:1      | 362 ||| SHOPLISTING scroll labelled TYICIQ YVEARCH (22
                  | gold, have 11).
   362 | D:1      | 362 ||| SHOPLISTING steaming leather armour (154 gold, have
                  | 11).
   362 | D:1      | 362 ||| SHOPLISTING tourmaline ring (110 gold, have 11).
   362 | D:1      | 362 ||| SHOPLISTING yellow potion (19 gold, have 11).
   488 | D:1      | 488 ||| Stepping ~*~*~tactically~*~*~ (stealth).
   493 | D:1      | 493 ||| Stepping ~*~*~tactically~*~*~ (stealth).
   514 | D:1      | 514 ||| Stepping ~*~*~tactically~*~*~ (stealth).
   516 | D:1      | 516 ||| Stepping ~*~*~tactically~*~*~ (stealth).
   517 | D:1      | 517 ||| Stepping ~*~*~tactically~*~*~ (stealth).
  1090 | D:1      | Reached XP level 3. HP: 21/21 MP: 7/7
  1232 | D:1      | 1232 ||| UPGRADING to +0 ring mail.
  1242 | D:1      | 1242 ||| DROPPING +0 leather armour.
  1243 | D:1      | 1243 ||| UPGRADING to +0 scale mail.
  1253 | D:1      | 1253 ||| DROPPING +0 ring mail.
  1254 | D:1      | 1254 ||| READING scroll labelled JOCAWK GEPEIN.
  1255 | D:1      | 1255 ||| READING scroll labelled OCREISS ITUV.
  1256 | D:1      | 1256 ||| READING scroll labelled LIROLUVESK.
  1257 | D:1      | 1257 ||| READING scroll labelled SEKIHYAPPU.
  1258 | D:1      | 1258 ||| READING scroll labelled LIEHOG POWOZXA.
  1259 | D:1      | 1259 ||| READING scroll labelled IHUQATUVOI.
  1260 | D:1      | 1260 ||| READING scroll labelled PUDAENN UHYXAQI.
  1261 | D:1      | 1261 ||| DROPPING scroll of blinking.
  1262 | D:1      | 1262 ||| Stepping randomly (stuck).
  1263 | D:1      | 1263 ||| Stepping ~*~*~tactically~*~*~ (cloud).
  1267 | D:1      | HP: 5/21 [poisoned by you (poison gas)]
  1560 | D:2      | Noticed Natasha
  1561 | D:2      | 1561 ||| STAIRDANCE
  1573 | D:2      | Killed Natasha
  1574 | D:2      | Reached skill level 4 in Axes
  1710 | D:2      | Noticed Natasha
  1717 | D:2      | HP: 2/21 [Natasha (6)]
  1718 | D:2      | Killed Natasha
  1719 | D:2      | Reached skill level 5 in Axes
  1719 | D:2      | Reached XP level 4. HP: 2/26 MP: 8/8
  2137 | D:2      | Noticed Natasha
  2138 | D:2      | 2138 ||| Stepping ~*~*~tactically~*~*~ (stealth).
  2140 | D:2      | 2140 ||| Stepping ~*~*~tactically~*~*~ (stealth).
  2141 | D:2      | 2141 ||| Stepping ~*~*~tactically~*~*~ (stealth).
  2142 | D:2      | 2142 ||| Stepping ~*~*~tactically~*~*~ (stealth).
  2147 | D:2      | Killed Natasha
  2226 | D:2      | Gained mutation: Your magical nature lets you fly swiftly
                  | and evasively. [Tengu growth]
  2226 | D:2      | Reached XP level 5. HP: 30/30 MP: 9/9
  2634 | D:2      | 2634 ||| READING scroll labelled DIAM TOT NISHA.
  2770 | D:2      | 2770 ||| READING scroll labelled EVOPHIU EKHLEGU.
  2808 | D:3      | 2808 ||| STAIRDANCE
  2811 | D:2      | HP: 5/30 [orc/+0 falchion (6)]
  3075 | D:2      | 3075 ||| DROPPING +0 whip.
  3084 | D:3      | 3084 ||| STAIRDANCE
  3163 | D:3      | 3163 ||| Stepping ~*~*~tactically~*~*~ (stealth).
  3170 | D:3      | Reached skill level 6 in Axes
  3171 | D:3      | 3171 ||| Stepping ~*~*~tactically~*~*~ (stealth).
  3178 | D:3      | 3178 ||| DROPPING +0 whip of flaming.
  3295 | D:3      | 3295 ||| DRINKING potion of curing.
  3295 | D:3      | 3295 ||| (to cure confusion)
  3321 | D:3      | HP: 4/30 [something/magic dart (4)]
  3321 | D:3      | Slain by an orc wizard

Levels and vault maps discovered:
D:1:      dpeg_arrival_snail, layout_loops_corners, serial_shops, shop,
          feat_on_display
D:2:      layout_basic, uniq_natasha
D:3:      layout_rooms, shapermc_ecumenical_altar_rom_forum

Skill      XL: |  1  2  3  4  5 |
---------------+----------------+-----
Axes           | 3 5 6 |  6.2
Fighting       | |  2.0
Throwing       | |  1.0
Armour         | |  1.1
Dodging        | |  2.1
Spellcasting   | |  2.0
Translocations | |  2.4

Action                   |  1- 3 |  4- 6 || total
-------------------------+-------+-------++-------
Melee: Hand axe          |    78 |    71 ||   149
       Kick              |    15 |    14 ||    29
       Peck              |     7 |     7 ||    14
       Punch             |       |     1 ||     1
Throw: Boomerang         |     7 |     6 ||    13
  Use: Scroll            |     7 |     2 ||     9
       Potion            |       |     1 ||     1
Armor: Leather armour    |    17 |       ||    17
       Scale mail        |     4 |    44 ||    48
Dodge: Dodged            |    47 |    48 ||    95

Table legend:
 A = Non-vault XP
 B = Vault XP
 C = Vault XP percentage of total XP
 D = Non-vault monster count
 E = Vault monster count
 F = Vault count percentage of total count
                 A         B        C        D         E       F
            +---------+---------+-------+---------+---------+-------
      Total |     227 |      35 |  13.4 |      63 |       1 |   1.6
            +---------+---------+-------+---------+---------+-------
        D:1 |      39 |       0 |   0.0 |      23 |       0 |   0.0
        D:2 |     130 |      35 |  21.2 |      22 |       1 |   4.3
        D:3 |      58 |       0 |   0.0 |      18 |       0 |   0.0
            +---------+---------+-------+---------+---------+-------
